 Dungeon Crawl Stone Soup version 0.19-a0-1019-g9c6a58d (webtiles) character file.

133 matakusis the Ducker (level 4, -4/34 HPs)
             Began as a Demonspawn Gladiator on July 26, 2016.
             Killed by divine providence
             ... invoked by an orc priest
              (12 damage)
             ... on level 3 of the Dungeon.
             The game lasted 00:07:27 (2199 turns).

matakusis the Ducker (Demonspawn Gladiator)         Turns: 2199, Time: 00:07:29

Health: -4/34      AC:  6    Str: 16    XL:     4   Next: 94%
Magic:  4/4        EV: 13    Int:  9    God:
Gold:   110        SH:  5    Dex: 14    Spells: 0 memorised, 3 levels left

rFire  . . .     SeeInvis .     a - +1 long sword
rCold  + . .     Gourm    .     b - +0 leather armour
rNeg   . . .     Faith    .     m - +1 buckler
rPois  .         Spirit   .     c - +0 helmet
rElec  .         Dismiss  +     k - +0 cloak
rCorr  .         Reflect  .     (no gloves)
SustAt .         Harm     .     p - +0 pair of boots
MR     .....                    w - amulet of dismissal
Stlth  +.........               (no ring)
                                j - ring of wizardry

@: not resistant to hostile enchantments, very unstealthy
A: claws 1, cold resistance 1
a: no special abilities


You were on level 3 of the Dungeon.
You were not hungry.

You visited 1 branch of the dungeon, and saw 3 of its levels.

You collected 110 gold pieces.

Inventory:

Hand Weapons
 a - a +1 long sword (weapon)
Missiles
 d - 3 throwing nets (quivered)
Armour
 b - a +0 leather armour (worn)
 c - a +0 helmet (worn)
 k - a +0 cloak (worn)
 m - a +1 buckler (worn)
 p - a +0 pair of boots (worn)
Jewellery
 j - a ring of wizardry (left claw)
 w - an amulet of dismissal (around neck)
Scrolls
 i - a scroll of enchant armour
 l - a scroll of fog
Potions
 e - a potion of heal wounds
 n - a potion of cure mutation
 u - a potion of flight
Comestibles
 f - 4 bread rations
 g - a beef jerky
 h - 6 fruits
 o - a chunk of flesh


   Skills:
 * Level 2.8 Fighting
 + Level 3.3 Long Blades
 - Level 1.7 Throwing
 + Level 1.0 Armour
 + Level 3.7 Dodging
 * Level 1.2 Shields


You had 3 spell levels left.
You didn't know any spells.

Dungeon Overview and Level Annotations

Branches:
Dungeon (3/15)

Altars:


Innate Abilities, Weirdness & Mutations

You have sharp fingernails.
Your flesh is cold resistant. (rC+)


Message History

You hit the orc.
You kill the orc!
You barely miss the orc.
The orc priest mumbles some strange prayers to Beogh against you.
Beogh smites you!
* * * LOW HITPOINT WARNING * * *
The orc hits you but does no damage.
You hit the orc.
The orc is heavily wounded.
The orc hits you with a hand axe.
* * * LOW HITPOINT WARNING * * *
You hit the orc.
You kill the orc!
You hit the orc.
The orc is moderately wounded.
The orc barely misses you.
You riposte.
You hit the orc.
You kill the orc!
The orc priest calls down the wrath of Beogh upon you.
Beogh smites you!
You die...

#..........######+#.#.#.#.#
#########........>.........
..........####.....#.#.#.#
######..).####............
#................####
#...############.#
##'#...........#.#
#.#.########..#.####
#.#@#######.....#...
#.#)#.....#.......#.
#.#o#o###.#......<#.
#..ooo..#.#.....###.
#.......#.#.....# #.
#.......#.#########.
#.......#........##.
#.......########.##.
#..........# #..##.


You could see an orc priest and 2 orcs.

Vanquished Creatures
  An orc wizard (D:3)
  Jessica (D:3)
  2 adders (D:2)
  A giant gecko (D:1)
  10 orcs (D:3)
  2 bats
  A giant cockroach (D:2)
  A goblin (D:2)
  11 hobgoblins
  3 jackals (D:2)
  A quokka (D:2)
  5 giant newts
  6 kobolds
  2 rats
47 creatures vanquished.

Notes
Turn   | Place    | Note
-------+----------+-------------------------------------------
     0 | D:1      | matakusis the Demonspawn Gladiator began the quest for the Orb.
     0 | D:1      | Reached XP level 1. HP: 16/16 MP: 1/1
   233 | D:1      | Gained mutation: Your flesh is cold resistant. (rC+) [demonic ancestry]
   233 | D:1      | Reached XP level 2. HP: 18/22 MP: 2/2
   840 | D:2      | Reached XP level 3. HP: 25/28 MP: 3/3
   884 | D:2      | Found a faded altar of an unknown god.
  1732 | D:3      | HP: 1/28 [orc/trident of flaming (1)]
  1746 | D:3      | Reached skill level 1 in Shields
  1746 | D:3      | Gained mutation: You have sharp fingernails. [demonic ancestry]
  1746 | D:3      | Reached XP level 4. HP: 22/34 MP: 4/4
  2002 | D:3      | Noticed Jessica
  2010 | D:3      | Killed Jessica
  2010 | D:3      | Reached skill level 1 in Armour
  2199 | D:3      | Killed from afar by an orc priest

Vault maps used:
D:1:      erik_arrival_cave_to_civilisation
D:2:      wad_pebble_path, ecumenical_altar_2
D:3:      serial_co_window_serial, co_window_corner_a, co_window_paths_a,
          co_window_of_opportunity_a, co_window_of_opportunity_a,
          co_window_paths_b, co_window_of_opportunity_a, co_window_corner_b,
          co_window_cross_2, co_window_corner_ca, co_window_corner_ca,
          co_window_4corner_b, co_window_4corner_a, glass_columns_a,
          glass_columns_c, glass_columns_b, first_bread, minmay_misc_feat_tiny,
          uniq_jessica

Skill      XL: |  1  2  3  4 |
---------------+-------------+-----
Long Blades    | 3 |  3.3
Dodging        | 3 |  3.7
Shields        | 1 |  1.2
Armour         | 1 |  1.0
Fighting       | |  2.8
Throwing       | |  1.7

Action                   |  1- 3 |  4- 6 || total
-------------------------+-------+-------++-------
Melee: Long sword        |   144 |    24 ||   168
Throw: Throwing net      |     1 |       ||     1
  Use: Scroll            |     7 |       ||     7
       Potion            |     6 |       ||     6
 Stab: Held in net/web   |     1 |       ||     1
       Sleeping          |     1 |       ||     1
  Eat: Chunk             |     2 |     2 ||     4
Armor: Leather armour    |    36 |     4 ||    40
Dodge: Dodged            |    81 |     5 ||    86
Block: Buckler           |    24 |     4 ||    28
